 Dungeon Crawl Stone Soup version 0.31-a0-977-gc230f8ef24 (webtiles) character file.

Game seed: 17380537611228679111

2106 Firecrotchwizard the Grappler (level 9, 0/87 HPs)
             Began as a Troll Shapeshifter on Oct 30, 2023.
             Slain by Duvessa
             ... wielding a +3 short sword of protection
              (18 damage)
             ... on level 6 of the Dungeon.
             The game lasted 00:11:18 (4612 turns).

Firecrotchwizard the Grappler (Troll Shapeshifter)  Turns: 4612, Time: 00:11:18

Health: 0/87       AC:  6    Str: 28    XL:     9   Next: 7%
Magic:  8/8        EV:  9    Int:  6    God:
Gold:   274        SH:  0    Dex:  9    Spells: 8/8 levels left

rFire   . .          .
                       - Unarmed
rCold   . . .        (no shield)
rNeg    . . .        e - +2 robe
rPois   .            (helmet currently unavailable)
rElec   .            (cloak currently unavailable)
rCorr   +            (gloves unavailable)
SInv    .            (boots unavailable)
Will    .....        (no amulet)
Stlth   +            k - ring of resist corrosion
HPRegen 1.14/turn    (no ring)
MPRegen 0.11/turn

%: no passive effects
@: beast-form
A: beast (slay +3), large, unfitting armour, claws 3, regeneration 1, shaggy fur
1, tough skin 1
a: Begin Untransformation


You were on level 6 of the Dungeon.
You were a hulking beast.
You visited 2 branches of the dungeon, and saw 7 of its levels.

You collected 307 gold pieces.
You spent 33 gold pieces at shops.

Inventory:

Armour
 a - a +0 animal skin
 e - a +2 robe (worn)
 g - a scarf of shadows
Jewellery
 k - a ring of resist corrosion (left claw)
Talismans
 c - a beast talisman
 d - a flux talisman
Wands
 o - a wand of light (6)
Scrolls
 f - a scroll of enchant armour
 i - 3 scrolls of identify
 j - a scroll of butterflies
 l - a scroll of poison
 t - a scroll of teleportation
 w - a scroll of enchant weapon
Potions
 b - 2 potions of lignification
 h - 2 potions of resistance {unknown}
 m - 2 potions of curing {unknown}
 n - 3 potions of haste
 p - a potion of enlightenment {unknown}


   Skills:
 + Level 4.9 Fighting
 - Level 1.5 Dodging
 * Level 9.1 Unarmed Combat
 + Level 6.2 Shapeshifting


You had 8 spell levels left.
You didn't know any spells.
Your spell library contained the following spells:

 Spells                   Type           Power      Damage    Failure   Level
 Cigotuvi's Dreadful Rot  Necr/Pois/Air  0%         N/A       58%         2
 Ignite Poison            Fire/Tmut/Pois 0%         N/A       83%         3
 Volatile Blastmotes      Fire/Tloc      0%         2d10      83%         3
 Anguish                  Hex/Necr       0%         N/A       99%         4
 Animate Dead             Necr           0%         N/A       99%         4
 Passage of Golubria      Tloc           0%         N/A       99%         4
 Freezing Cloud           Conj/Ice/Air   0%         6-21      100%        5
 Conjure Ball Lightning   Conj/Air       0%         3x3d6     100%        6
 Malign Gateway           Summ/Tloc      0%         N/A       100%        7


Dungeon Overview and Level Annotations

Branches:
Dungeon (6/15)             Temple (1/1) D:4

Altars:
Dithmenos
Gozag
Hepliaklqana
Kikubaaqudgha
Makhleb
Nemelex Xobeh
Qazlal
Ru

Shops:
D:5 *(

Annotations:
D:6 Duvessa


Innate Abilities, Weirdness & Mutations

You are a hulking beast.
Your limbs bulge with bestial killing power. (Slay +3)
You are too large for most types of armour.
You have claws for hands.
Your natural rate of healing is unusually fast.
You are covered in fur. (AC +1)
You have tough skin. (AC +1)


Message History

You see here a +0 ring mail.
A scorpion comes into view.
You see here a grey potion.
h - 2 grey potions (gained 1) Dowan, Brother of Duvessa comes into view.
He is wielding a +0 dagger.
The scorpion stings you.
You are poisoned.
The scorpion poisons you!
You claw the scorpion!
The scorpion is severely wounded.
You feel sick. The scorpion closely misses you.
You mangle the scorpion!!
You kill the scorpion!
You feel sick.
Your Unarmed Combat skill increases to level 9!
No target in view!
You start resting.
You feel sick. x6
You are no longer poisoned.
You start resting.
HP restored.
What are your orders? t - Shout!
Orders for allies: a - Attack new target. r - Retreat! s - Stop attacking. g - Guard the area. f - Follow me.
Anything else - Cancel.
You shout for attention!
You hear a shout! x2
What are your orders? t - Shout!
Orders for allies: a - Attack new target. r - Retreat! s - Stop attacking. g - Guard the area. f - Follow me.
Anything else - Cancel.
You shout for attention!
What are your orders? t - Shout!
Orders for allies: a - Attack new target. r - Retreat! s - Stop attacking. g - Guard the area. f - Follow me.
Anything else - Cancel.
You shout for attention!
What are your orders? t - Shout!
Orders for allies: a - Attack new target. r - Retreat! s - Stop attacking. g - Guard the area. f - Follow me.
Anything else - Cancel.
You shout for attention!
What are your orders? t - Shout!
Orders for allies: a - Attack new target. r - Retreat! s - Stop attacking. g - Guard the area. f - Follow me.
Anything else - Cancel.
You shout for attention!
You see here a +0 ring mail.
Dowan points at you and mumbles some strange words.
The puff of frost hits you!
There is a stone staircase leading up, spattered with blood here.
Dowan says, "Stay away from my face!"
You mangle Dowan!!
You kill Dowan!
You hear a distant scream of rage.
No target in view!
You start waiting.
You don't know any spells.
You start waiting.
A jelly comes into view.
The jelly quivers.
You mangle the jelly!!
You kill the jelly!
You start waiting.
Duvessa, Sister of Dowan comes into view.
She is wielding a +3 short sword of protection.
Duvessa goes berserk!
Duvessa rages.
You closely miss Duvessa.
Duvessa hits you with a +3 short sword of protection!!
You mangle Duvessa!! Your claw misses Duvessa.
Duvessa is moderately wounded.
Duvessa barely misses you.
You scratch Duvessa.
Duvessa is moderately wounded.
Duvessa hits you with a +3 short sword of protection!
You scratch Duvessa. You claw Duvessa, but do no damage.
Duvessa is heavily wounded.
Duvessa hits you with a +3 short sword of protection.
Duvessa hits you with a +3 short sword of protection!
* * * LOW HITPOINT WARNING * * *
You closely miss Duvessa.
Duvessa is heavily wounded.
Duvessa hits you with a +3 short sword of protection!
* * * LOW HITPOINT WARNING * * *
You claw Duvessa! Your claw misses Duvessa.
Duvessa is severely wounded.
Duvessa hits you with a +3 short sword of protection!
* * * LOW HITPOINT WARNING * * *
You claw Duvessa!
Duvessa is almost dead.
Duvessa hits you with a +3 short sword of protection!!
You die...

.### .... ...
###.###
###<....#.#
.......#.#
#.....#.#
...###<.†....#
........h....##
#.#.#####e...#
##...# . #
#....# ..##.
#.##..#
....#####.#
#..#
#.......[####.#
#...###.e....>#
##.......######


You could see Duvessa (berserk).

Vanquished Creatures
  Grinder (D:5)
  A slime creature (D:5)
  Sigmund (D:3)
  Eustachio (D:5)
  Menkaure (D:5)
  A black bear (D:5)
  An ogre (D:5)
  3 kobold brigands (D:5)
  A bullfrog (D:6)
  5 scorpions
  Dowan (D:6)
  8 jellies
  2 hounds
  2 iguanas
  An orc wizard (D:4)
  6 adders
  2 shadow imps (D:5)
  2 ufetubi (D:5)
  2 worms
  2 dart slugs
  3 orcs
  3 bats
  14 endoplasms
  2 giant cockroaches (D:4)
  2 goblins
  7 hobgoblins
  10 jackals (D:3)
  6 kobolds
  A quokka (D:2)
  5 ball pythons
  3 frilled lizards
  4 rats
104 creatures vanquished.

Notes
Turn   | Place    | Note
-------+----------+-------------------------------------------
     0 | D:1      | Firecrotchwizard the Troll Shapeshifter began the quest for
                  | the Orb.
     0 | D:1      | Reached XP level 1. HP: 18/18 MP: 0/0
   157 | D:1      | Reached skill level 1 in Fighting
   177 | D:1      | Reached XP level 2. HP: 25/27 MP: 1/1
   660 | D:2      | Identified the of Ulo Geh
  1214 | D:3      | Reached XP level 3. HP: 33/33 MP: 2/2
  1245 | D:3      | Found a sparkling altar of Nemelex Xobeh.
  1288 | D:3      | Found a faded altar of an unknown god.
  1322 | D:3      | Reached skill level 4 in Unarmed Combat
  1346 | D:3      | Reached XP level 4. HP: 41/41 MP: 3/3
  1539 | D:3      | Noticed Sigmund
  1575 | D:3      | Killed Sigmund
  1576 | D:3      | Reached skill level 5 in Unarmed Combat
  1576 | D:3      | Reached XP level 5. HP: 35/50 MP: 4/4
  1788 | D:4      | Identified the "Bathekog"
  1953 | D:4      | Found a staircase to the Ecumenical Temple.
  1957 | Temple   | Entered the Ecumenical Temple
  1984 | D:4      | Found a sacrificial altar of Ru.
  1994 | D:4      | Reached XP level 6. HP: 59/59 MP: 5/5
  2264 | D:4      | Identified the +0 robe of Kiajeowut {rN+}
  2786 | D:5      | Identified the of Roxao
  2786 | D:5      | Entered Level 5 of the Dungeon
  2846 | D:5      | Found Vifel's General Store.
  2853 | D:5      | Bought a scroll of teleportation for 33 gold pieces
  2885 | D:5      | Noticed Menkaure
  2905 | D:5      | Killed Menkaure
  2979 | D:5      | Reached skill level 6 in Unarmed Combat
  2991 | D:5      | Found Zoxzivor's Firing Range.
  3041 | D:5      | Reached XP level 7. HP: 66/66 MP: 6/6
  3041 | D:5      | Noticed Grinder
  3051 | D:5      | Killed Grinder
  3115 | D:5      | Reached skill level 5 in Shapeshifting
  3260 | D:5      | Reached skill level 7 in Unarmed Combat
  3262 | D:5      | Reached XP level 8. HP: 71/78 MP: 7/7
  3448 | D:5      | Found a shadowy altar of Dithmenos.
  3449 | D:5      | Found a hazy altar of Hepliaklqana.
  3459 | D:5      | Noticed Eustachio
  3488 | D:5      | Killed Eustachio
  3615 | D:5      | Found a burning altar of Makhleb.
  4003 | D:5      | Reached skill level 8 in Unarmed Combat
  4122 | D:5      | Found a stormy altar of Qazlal.
  4122 | D:5      | Found an opulent altar of Gozag.
  4122 | D:5      | Found an ancient bone altar of Kikubaaqudgha.
  4122 | D:5      | Found a hazy altar of Hepliaklqana.
  4122 | D:5      | Found a burning altar of Makhleb.
  4122 | D:5      | Found a burning altar of Makhleb.
  4122 | D:5      | Noticed a slime creature
  4137 | D:5      | Killed a slime creature
  4460 | D:6      | Reached XP level 9. HP: 72/87 MP: 8/8
  4485 | D:6      | Noticed Dowan
  4492 | D:6      | Reached skill level 9 in Unarmed Combat
  4521 | D:6      | Killed Dowan
  4602 | D:6      | Noticed Duvessa
  4612 | D:6      | Slain by Duvessa

Illustrated notes

Levels and vault maps discovered:
D:1:      eino_arrival_tree_alley, layout_loops_ring,
          ebering_dispersal_statue_hall
D:2:      layout_basic
D:3:      layout_basic, nemelex_altar_shiori, nicolae_ecumenical_oubliette,
          uniq_sigmund
D:4:      layout_gridville, nicolae_ru_great_annihilating_truth,
          minmay_temple_entry_steel_oval, kennysheep_generic_room_5
D:5:      cheibrodos_fertilizer, layout_layer_cave, kennysheep_mini,
          riverfiend_overflow_shadow_ancestor, serial_shops, shop,
          nicolae_shop_firing_range, uniq_grinder, uniq_menkaure, uniq_eustachio
D:6:      layout_rooms, uniq_prince_ribbit1, uniq_pikel, uniq_duvessa
Temple:   ebering_the_one_and_only

Skill      XL: |  1  2  3  4  5  6  7  8  9 |
---------------+----------------------------+-----
Fighting       | 1 2 3 4 |  4.9
Unarmed Combat | 4 5 6 7 8 9 |  9.1
Shapeshifting  | 4 5 6 |  6.2
Dodging        | |  1.5

Action                     |  1- 3 |  4- 6 |  7- 9 || total
---------------------------+-------+-------+-------++-------
  Melee: Unarmed           |    74 |    84 |   101 ||   259
         Punch             |     4 |     4 |     5 ||    13
    Use: Scroll            |       |    14 |       ||    14
   Stab: Distracted        |     1 |       |       ||     1
 Armour: Animal skin       |    34 |    13 |       ||    47
         Robe              |       |    32 |    84 ||   116
  Dodge: Dodged            |    24 |    29 |    57 ||   110

Table legend: (Time is in decaauts)
 A = Elapsed time spent in this place.
 B = Non-inter-level travel time spent in this place.
 C = Inter-level travel time spent in this place.
 D = Time resting spent in this place.
 E = Time spent auto-exploring this place.
 F = Levels seen in this place.
 G = Mean time per level.
                   A        B        C        D        E       F      G
               +--------+--------+--------+--------+--------+-----+--------+
         Total |   4585 |   4371 |    214 |    541 |   3196 |   7 |  655.0 |
       Dungeon |   4579 |   4365 |    214 |    541 |   3196 |   6 |  763.2 |
        Temple |      5 |      5 |      0 |      0 |      0 |   1 |    5.0 |
               +--------+--------+--------+--------+--------+-----+--------+

Top non-repeatable levels by time:
     D:5: 1649 daAuts
     D:4: 976 daAuts
     D:1: 657 daAuts
     D:3: 602 daAuts
     D:2: 533 daAuts
     D:6: 160 daAuts
  Temple: 5 daAuts
